 Dungeon Crawl Stone Soup version 0.29.1-15-g9cfb28693d (webtiles) character file.

Game seed: 6676626850136969335

289 croobank the Sneak (level 6, -4/43 HPs)
             Began as an Octopode Delver on Feb 27, 2023.
             Slain by Edmund
             ... wielding a +2 vorpal flail
              (13 damage)
             ... on level 3 of the Dungeon.
             The game lasted 00:15:25 (4827 turns).

croobank the Sneak (Octopode Delver)                Turns: 4827, Time: 00:15:26

Health: -4/43      AC:  1    Str: 18    XL:     6   Next: 31%
Magic:  7/7        EV: 14    Int: 14    God:
Gold:   238        SH:  0    Dex: 19    Spells: 5/6 levels left

rFire   . . .      SeeInvis .   a - +1 hand axe (freeze)
rCold   . . .      Faith    .   (no shield)
rNeg    . . .      Spirit   .   (helmet restricted)
rPois   +          Reflect  .   (no amulet)
rElec   .          Harm     .   l - ring of poison resistance
rCorr   .          Rampage  .   p - +6 ring of strength
Will    .....                   r - +6 ring of dexterity
Stlth   +++++.....              (no ring)
HPRegen 0.14/turn               (no ring)
MPRegen 0.10/turn               (no ring)
                                (no ring)
                                (no ring)

@: no status effects
A: almost no armour, amphibious, 8 rings, camouflage 1, gelatinous body 1,
(nimble swimmer 1), tentacles
a: no special abilities


You were on level 3 of the Dungeon.
You visited 2 branches of the dungeon, and saw 8 of its levels.
You also visited: Sewer.

You collected 238 gold pieces.

Inventory:

Hand Weapons
 a - a +1 hand axe of freezing (weapon)
 d - a +1 long sword of holy wrath
 h - a +0 short sword
 m - a +1 short sword of electrocution
Jewellery
 l - a ring of poison resistance (left tentacle)
 p - a +6 ring of strength (right tentacle)
 r - a +6 ring of dexterity (on tentacle)
Wands
 f - a wand of digging (3)
Scrolls
 b - 2 scrolls of fog
 o - a scroll of fear
 q - a scroll of enchant weapon {unknown}
 s - a scroll of magic mapping
 t - a scroll of teleportation {unknown}
Potions
 c - a potion of magic
 e - a potion of haste
 g - 2 potions of curing
 i - a potion of brilliance
 j - 2 potions of attraction
 k - a potion of might
 n - a potion of ambrosia


   Skills:
 + Level 4.1 Fighting
 + Level 3.4 Axes
 + Level 3.4 Dodging
 + Level 7.9 Stealth
 * Level 0.7 Spellcasting
 * Level 1.0 Conjurations


You had 5 spell levels left.
You knew the following spells:

 Your Spells              Type           Power      Damage    Failure   Level
a - Magic Dart            Conj           12%        1d3       19%         1

Your spell library contained the following spells:

 Spells                   Type           Power      Damage    Failure   Level
 Searing Ray              Conj           6%         2d4       26%         2
 Fulminant Prism          Conj/Hex       0%         3d6       91%         4


Dungeon Overview and Level Annotations

Branches:
Dungeon (7/15)             Temple (1/1) D:6           Sewer (visited)

Altars:
Ashenzari
Cheibriados
Dithmenos
Fedhas
Gozag
Nemelex Xobeh
Qazlal
Sif Muna
Trog
Vehumet
Wu Jian
Xom
Yredelemnul
Zin
The Shining One

Shops:
D:3 (

Annotations:
D:3 Edmund
D:4 Blork the orc, Pikel
D:5 Ijyb


Innate Abilities, Weirdness & Mutations

You cannot wear most types of armour.
You are amphibious.
You can wear up to eight rings at the same time.
Your skin changes colour to match your surroundings (Stealth+).
Your rubbery body absorbs attacks. (AC +1, EV +1)
((You are camouflaged when in or above water. (Stealth+)))
You have tentacles for arms and can constrict up to eight enemies at once.


Message History

(D) Dungeon (T) Temple
Where to? (Enter - D:3, ? - help)
You see here a +0 club.
There is a stone staircase leading down here.
You climb downwards.
Level annotation: Blork the orc, Edmund, Pikel Edmund hits you with a +2 vorpal flail!
A goblin comes into view. It is wielding a +0 dagger.
The lemure closely misses you. The orc hits you with a +0 club.
Edmund misses you. The lemure barely misses you.
The goblin moves out of view.
There is a stone staircase leading up here.
The orc hits you with a +0 short sword. The orc misses you.
The lemure barely misses you.
Edmund drinks a potion.
Edmund flickers and vanishes!
Deactivating autopickup; reactivate with Ctrl-A.
You climb upwards.
Reactivating autopickup.
There is a stone staircase leading down here.
You hit the lemure. You freeze the lemure. You grab the lemure.
You squeeze the lemure.
The lemure is lightly wounded.
You hit the orc. You freeze the orc. You barely miss something.
You hit the orc. You freeze the orc.
You kill the orc!
You constrict the lemure. Something hits you.
Deactivating autopickup; reactivate with Ctrl-A.
The lemure hits you. The orc misses you.
You slash the lemure! You freeze the lemure.
The lemure is heavily wounded.
You hit the orc. You freeze the orc.
You kill the orc!
You closely miss something. You constrict the lemure. Something hits you!
* * * LOW HITPOINT WARNING * * *
x2 The lemure closely misses you.
You hit the lemure. You freeze the lemure.
The lemure is almost dead.
You hit something but do no damage. You constrict the lemure.
You kill the lemure!
That felt strangely unrewarding.
Something hits you!
You die...

##.....................#.........
##....................#.........
##.........<...................
##..............................
##.....................#.........
#......................#.........
....................####.........
#...####.###...))#.## ##########
..#.# #.# ####.@).# ..#.# #.#
###### ..#.# #.# ..#.# #.# #.#.#
#.# #.#.# #.# #.#.####.#
.........# ###.######


There were no monsters in sight!

Vanquished Creatures
  3 lemures
  A hound (D:6)
  An iguana (D:6)
  Terence (D:3)
  A gnoll (D:2)
  7 adders
  5 river rats
  An ufetubus (D:5)
  A worm (D:2)
  2 dart slugs
  3 orcs
  7 bats
  3 endoplasms
  4 giant cockroaches
  6 goblins
  8 hobgoblins
  3 quokkas
  4 ball pythons
  6 frilled lizards
  5 kobolds
  17 rats
89 creatures vanquished.

Notes
Turn   | Place    | Note
-------+----------+-------------------------------------------
     0 | D:5      | croobank the Octopode Delver began the quest for the Orb.
     0 | D:5      | Reached XP level 1. HP: 16/16 MP: 1/1
    36 | D:7      | Noticed an orc warrior
    36 | D:7      | Noticed an orc wizard
   296 | D:6      | Noticed a water moccasin
   304 | D:7      | Noticed a water moccasin
   356 | D:5      | Reached XP level 2. HP: 9/21 MP: 2/2
   432 | D:5      | Found a glowing drain.
   436 | Sewer    | Entered a sewer
   545 | Sewer    | Reached skill level 7 in Stealth
   545 | Sewer    | Reached XP level 3. HP: 26/26 MP: 3/3
   902 | Sewer    | Reached XP level 4. HP: 23/31 MP: 4/4
  1409 | D:6      | Found a staircase to the Ecumenical Temple.
  1415 | Temple   | Entered the Ecumenical Temple
  1504 | D:6      | Reached XP level 5. HP: 33/37 MP: 5/5
  2005 | D:5      | Noticed a phantom
  2052 | D:5      | Noticed Ijyb
  2171 | D:4      | Noticed Blork the orc
  2263 | D:4      | Noticed a lemure
  2263 | D:4      | Noticed a lemure
  2264 | D:4      | Noticed a lemure
  2264 | D:4      | Noticed a lemure
  2265 | D:4      | Noticed Edmund
  2269 | D:4      | Noticed Pikel
  2273 | D:4      | Killed a lemure
  2282 | D:3      | Killed a lemure
  3001 | D:1      | Learned a level 1 spell: Magic Dart
  3250 | D:2      | Noticed a floating eye
  3252 | D:2      | Found a faded altar of an unknown god.
  3271 | D:2      | Noticed a shining eye
  3271 | D:2      | Noticed a floating eye
  3271 | D:2      | Noticed an eye of devastation
  3304 | D:2      | Found a glowing golden altar of the Shining One.
  3341 | D:2      | Reached XP level 6. HP: 33/43 MP: 6/6
  3610 | D:2      | Identified the +6 scale mail of Tiuffiog {rPois}
  4066 | D:3      | Noticed Terence
  4075 | D:3      | Killed Terence
  4150 | D:3      | Found a radiant altar of Vehumet.
  4168 | D:3      | Found an ornate altar of the Wu Jian Council.
  4340 | D:3      | Found Leoweg's Weapon Boutique.
  4448 | D:3      | Reached skill level 1 in Conjurations
  4827 | D:3      | Slain by Edmund

Illustrated notes

Levels and vault maps discovered:
D:1:      dpeg_arrival_rooms_a, layout_basic, dreamdust_princess_bridge
D:2:      layout_loops_ring, hellmonk_ecumenical_altar_watching_god,
          basic_altar, st_stairs_11, nicolae_titane
D:3:      layout_basic, nzn_wu_jian_council_hall, lemuel_coloured_pillars_altar,
          serial_shops, nicolae_shop_bloodbath_and_beyond,
          nicolae_figureground_pulse, uniq_terence
D:4:      layout_cave_pools, general_overflow_altar, serial_shops,
          kennysheep_little_box, minmay_between, uniq_pikel, uniq_sigmund,
          uniq_blork_the_orc, uniq_edmund, uniq_duvessa
D:5:      layout_loops_cross, mainiacjoe_overflow_catch_the_wave,
          gup_sewer_entry_bowl, grunt_ministairs_2, uniq_ijyb
D:6:      layout_loops_ring, minmay_temple_entry_drinking_statues,
          hellmonk_bongcloud_opening
D:7:      layout_cave_pools, worldfamousw_hep_ancestral_shrine, serial_shops,
          shop, corexii_hall_statues_l
Temple:   hc_temple_tempest_star

Skill      XL: |  1  2  3  4  5  6 |
---------------+-------------------+-----
Stealth        | 7 |  7.9
Dodging        | 3 |  3.4
Axes           | 3 |  3.4
Fighting       | 4 |  4.1
Conjurations   | 1 |  1.0
Spellcasting   | |  0.7

Action                   |  1- 3 |  4- 6 || total
-------------------------+-------+-------++-------
Melee: Hand axe          |    37 |   140 ||   177
       Constrict         |     7 |    23 ||    30
       Tentacles         |     3 |    27 ||    30
       Punch             |     2 |     2 ||     4
  Use: Scroll            |     2 |     8 ||    10
       Potion            |       |     6 ||     6
 Stab: Sleeping          |     6 |    22 ||    28
Armor: Skin              |     1 |     9 ||    10
Dodge: Dodged            |    21 |   102 ||   123
